 Dungeon Crawl Stone Soup version 0.29-a0-721-g7f417c9bbb (webtiles) character file.

Game seed: 17202499787307625181

28 brogueplayer the Digger (level 2, -1/20 (24) HPs)
             Began as a Troll Earth Elementalist on June 27, 2022.
             Was an Initiate of Ashenzari.
             Slain by an adder (4 damage)
             ... on level 2 of the Dungeon.
             The game lasted 00:07:34 (1326 turns).

brogueplayer the Digger (Troll Earth Elementalist)  Turns: 1326, Time: 00:07:35

HP:   -1/20 (24)    AC:  4    Str: 15    XL:     2   Next: 96%
MP:   3/3           EV: 10    Int: 11    God:    Ashenzari [......]
Gold: 39            SH:  0    Dex: 10    Spells: 3/4 levels left

rFire   . . .      SeeInvis .   k - +0 long sword of Panopticon {Evo, Cun} (curse)
rCold   . . .      Faith    .   (no shield)
rNeg    . . .      Spirit   .   a - +0 robe
rPois   .          Reflect  .   (helmet restricted)
rElec   .          Harm     .   (no cloak)
rCorr   .          Rampage  .   (gloves unavailable)
Will    .....                   (boots unavailable)
Stlth   +.........              (no amulet)
HPRegen 0.86/turn               (no ring)
MPRegen 0.08/turn               (no ring)

@: lethally poisoned (-1 -> -2), heavily drained
A: large, unfitting armour, claws 3, regeneration 1, shaggy fur 1, tough skin 1
a: Renounce Religion, Shatter the Chains


You were on level 2 of the Dungeon.
You worshipped Ashenzari.
Ashenzari was noncommittal.
You visited 1 branch of the dungeon, and saw 2 of its levels.

You collected 39 gold pieces.

Inventory:

Hand Weapons
 k - the cursed +0 long sword of Panopticon (weapon) {Evo, Cun}
   (You found it on level 1 of the Dungeon)

   It has a curse which improves the following skills: Evocations: Evocations.
   Cunning:   Dodging and Stealth.
Missiles
 h - 3 atropa-tipped darts
 n - 4 javelins
Armour
 a - a +0 robe (worn)
 o - a +0 cloak
Scrolls
 c - 2 scrolls of identify {unknown}
 d - a scroll of fear {unknown}
 e - a scroll of blinking {unknown}
 i - a scroll of brand weapon {unknown}
 l - 2 scrolls of amnesia {unknown}
Potions
 b - a potion of magic
 f - a potion of cancellation {unknown}
 g - 2 potions of flight {unknown}
 j - a potion of curing {unknown}
 m - a potion of lignification {unknown}


   Skills:
 - Level 1.5(1.9) Dodging
 - Level 1.0(1.2) Stealth
 + Level 1.6 Spellcasting
 + Level 1.2 Transmutations
 + Level 3.1 Earth Magic


You had 3 spell levels left.
You knew the following spells:

 Your Spells              Type           Power      Damage    Failure   Level
a - Sandblast             Erth           14%        2d6       9%          1

Your spell library contained the following spells:

 Spells                   Type           Power      Damage    Failure   Level
 Passwall                 Tmut/Erth      4%         N/A       19%         2
 Stone Arrow              Conj/Erth      8%         3d7       43%         3
 Petrify                  Tmut/Erth      5%         N/A       77%         4


Dungeon Overview and Level Annotations

Branches:
Dungeon (2/15)

Altars:
Ashenzari


Innate Abilities, Weirdness & Mutations

You are too large for most types of armour.
You have claws for hands.
Your natural rate of healing is unusually fast.
You are covered in fur. (AC +1)
You have tough skin. (AC +1)


Message History

You are poisoned.
You see here a +0 cloak.
Unknown command.
o - a +0 cloak You feel very sick.
A giant cockroach comes into view.
Found an escape hatch in the floor.
You feel sick.
The adder hisses angrily.
You feel sick.
A rat comes into view.
You feel sick.
You feel sick.
The kobold throws a stone.
The stone barely misses you.
You hit the adder.
The adder is moderately wounded.
You feel sick.
The kobold throws a stone.
The stone hits you but does no damage. The adder bites you.
You barely miss the adder.
The adder is moderately wounded.
You feel sick. The adder closely misses you. The adder barely misses you.
The kobold hits you but does no damage.
You feel drained.
You miss the adder.
The adder is moderately wounded.
You feel sick.
You are no longer poisoned.
The adder barely misses you.
The kobold hits you with a +2 short sword of draining.
You feel drained. The giant cockroach closely misses you. The adder bites you.
You are poisoned.
The adder poisons you! The kobold hits you but does no damage.
You feel drained. The adder attacks as you move away! The adder bites you.
You feel sick.
The giant cockroach bites you but does no damage.
The kobold hits you with a +2 short sword of draining.
* * * LOW HITPOINT WARNING * * *
You feel drained.
* * * LOW HITPOINT WARNING * * *
You feel sick.
The giant cockroach bites you but does no damage. x2
The adder bites you.
You die...

..#>... >....
..... ......
.... .....$.
..# #......
#.###......
#r#........
#.K....######..
S
#SBK....#....<
#.#@........#
#.........##
#..#.....###
....##.....##
##.##....<..#
............#
#####.....†.#
##>....##
##...##


You could see an adder, a giant cockroach, 2 kobolds and a rat.

Vanquished Creatures
  2 dart slugs
  2 endoplasms (D:1)
  2 giant cockroaches (D:1)
  A goblin (D:1)
  3 hobgoblins (D:1)
  2 quokkas (D:1)
  A ball python (D:1)
  5 frilled lizards (D:1)
  3 kobolds (D:1)
  2 rats (D:1)
23 creatures vanquished.

Vanquished Creatures (others)
  2 fungi (D:1)
  3 plants (D:1)
5 creatures vanquished.

Grand Total: 28 creatures vanquished

Notes
Turn   | Place    | Note
-------+----------+-------------------------------------------
     0 | D:1      | brogueplayer the Troll Earth Elementalist began the quest
                  | for the Orb.
     0 | D:1      | Reached XP level 1. HP: 16/16 MP: 1/1
   304 | D:1      | Reached skill level 1 in Transmutations
   399 | D:1      | Reached XP level 2. HP: 21/24 MP: 3/3
   581 | D:1      | Reached skill level 3 in Earth Magic
   902 | D:1      | Found a faded altar of an unknown god.
   937 | D:1      | Prayed at the altar of an unknown god.
   937 | D:1      | Became a worshipper of Ashenzari the Shackled
  1326 | D:2      | Slain by an adder

Illustrated notes

Levels and vault maps discovered:
D:1:      dpeg_chamrin_arrival_tetris, layout_loops_corners,
          shapermc_ecumenical_altar_ellora
D:2:      layout_rooms, serial_shops, shop, kennysheep_cross_bottleneck,
          minmay_circle_x, uniq_jessica

Skill      XL: |  1  2 |
---------------+-------+-----
Transmutations | 1 |  1.2
Earth Magic    | 3 |  3.1
Dodging        | |  1.5
Stealth        | |  1.0
Spellcasting   | |  1.6

Action                   || total
-------------------------++-------
Melee: Unarmed           ||    26
       Long sword        ||    29
 Cast: Sandblast         ||    14
Invok: Curse Item        ||     1
 Stab: Sleeping          ||     1
Armor: Robe              ||    16
Dodge: Dodged            ||    19

Table legend: (Time is in decaauts)
 A = Elapsed time spent in this place.
 B = Non-inter-level travel time spent in this place.
 C = Inter-level travel time spent in this place.
 D = Time resting spent in this place.
 E = Time spent auto-exploring this place.
 F = Levels seen in this place.
 G = Mean time per level.
                   A        B        C        D        E       F      G
               +--------+--------+--------+--------+--------+-----+--------+
         Total |   1353 |   1288 |     65 |      0 |    899 |   2 |  676.5 |
       Dungeon |   1353 |   1288 |     65 |      0 |    899 |   2 |  676.5 |
               +--------+--------+--------+--------+--------+-----+--------+

Top non-repeatable levels by time:
     D:1: 1314 daAuts
     D:2: 39 daAuts
